 Dungeon Crawl Stone Soup version 0.31-a0-182-gc5ef74bbde (webtiles) character file.

Game seed: 16740849570398099692

28926 qw the Cleaver (level 13, -11/92 HPs)
             Began as a Gargoyle Fighter on June 20, 2023.
             Was an Elder of Okawaru.
             Killed from afar by a lindwurm (18 damage)
             ... with a blast of flame
             ... on level 3 of the Lair of Beasts.
             The game lasted 00:08:50 (14276 turns).

qw the Cleaver (Gargoyle Fighter)                  Turns: 14276, Time: 00:08:51

Health: -11/92     AC: 34    Str: 25    XL:     13   Next: 42%
Magic:  18/18      EV:  9    Int: 12    God:    Okawaru [****..]
Gold:   732        SH: 11    Dex:  9    Spells: 12/12 levels left

rFire   . . .        Y - +2 war axe
rCold   . . .        c - +0 buckler
rNeg    + . .        i - +0 plate armour
rPois   inf          m - +0 helmet
rElec   +            r - +0 cloak
rCorr   .            g - +1 pair of gloves
SInv    .            n - +5 pair of boots "Fanab" {rPois}
Will    .....        e - amulet "Qued" {Reflect Int+3 SH+5} Stlth
                     (no ring)
HPRegen 0.35/turn    (no ring)
MPRegen 0.16/turn

%: reflection
@: heroic, unable to drink
A: sickness immunity, AC +9, negative energy resistance 1, electricity
resistance, torment resistance 1, petrification resistance, deformed body,
robust 1, subdued magic 1, inability to drink after injury 1
a: Renounce Religion, Heroism, Finesse


You were on level 3 of the Lair of Beasts.
You worshipped Okawaru.
Okawaru was greatly pleased with you.
You visited 3 branches of the dungeon, and saw 13 of its levels.
You also visited: Sewer.

You collected 820 gold pieces.
You spent 88 gold pieces at shops.


Innate Abilities, Weirdness & Mutations

You are immune to sickness and miasma.
Your stone body is resilient. (AC +9)
You are immune to poison.
You resist negative energy. (rN+)
You are resistant to electric shocks. (rElec)
You are resistant to unholy torment.
You are immune to petrification.
Armour fits poorly on your strangely shaped body.
You are robust. (+10% HP)
Your spells are a little easier to cast, but a little less powerful.
You occasionally lose the ability to drink potions when taking damage.


   Skills:
 - Level 11.0(16.0) Fighting
 - Level 14.1(19.1) Axes
 - Level 3.2(8.2) Throwing
 + Level 10.7(15.7) Armour
 - Level 2.2(7.2) Dodging
 - Level 7.0(12.0) Shields
 + Level 7.3 Invocations


You had 12 spell levels left.
You didn't know any spells.
Your spell library was empty.

Inventory:

Hand Weapons
 t - a +0 heavy flail
 v - a +1 flail of holy wrath
 Y - a +2 war axe (weapon)
Missiles
 w - 4 boomerangs (quivered)
Armour
 c - a +0 buckler (worn)
 g - a +1 pair of gloves (worn)
 i - a +0 plate armour (worn)
 l - +0 acid dragon scales
 m - a +0 helmet (worn)
 n - the +5 pair of boots "Fanab" (worn) {rPois}
   (You found it on level 8 of the Dungeon)

   rPois:     It protects you from poison.
 r - a +0 cloak (worn)
Jewellery
 b - a ring of fire
 e - the amulet "Qued" (around neck) {Reflect Int+3 SH+5}
   (You acquired it on level 5 of the Dungeon)

   [amulet of reflection]

   It reflects blocked missile attacks.
   Int:       It affects your intelligence (+3).
   SH:        It affects your SH (+5).
Scrolls
 a - 7 scrolls of identify
Potions
 d - 5 potions of might
 f - 3 potions of lignification
 h - a potion of cancellation
 j - 2 potions of haste
 k - a potion of attraction
 o - a potion of enlightenment
 q - a potion of resistance
 u - a potion of magic

Dungeon Overview and Level Annotations

Branches:
Dungeon (9/15)             Temple (1/1) D:4            Lair (3/5) D:9
 Spider (0/4) Lair:3          Orc (0/2) D:9           Sewer (visited)
  Swamp: Lair:2-3    Shoals: Lair:2-3

Altars:
Ashenzari
Cheibriados
Dithmenos
Elyvilon
Fedhas
Gozag
Hepliaklqana
Kikubaaqudgha
Makhleb
Nemelex Xobeh
Okawaru
Qazlal
Ru
Sif Muna
Trog
Uskayaw
Vehumet
Wu Jian
Xom
Yredelemnul
Zin
The Shining One

Shops:
D:7 *

Annotations:
D:4 4 runed translucent doors
D:7 1 runed translucent door, qw's ghost, novice MiHu
D:8 3 runed translucent doors


Message History

The catoblepas breathes a plume of calcifying dust at you.
The blast of calcifying dust hits you but does no damage.
You slice the catoblepas!!
The catoblepas is moderately wounded.
You block the catoblepas's attack.
You hit the catoblepas but do no damage.
The catoblepas is moderately wounded.
You hit the catoblepas.
The catoblepas is moderately wounded.
The catoblepas gores you!
You feel threatened and lose the ability to drink potions!
You slice the catoblepas!!
The catoblepas is severely wounded.
The catoblepas breathes a plume of calcifying dust at you.
The blast of calcifying dust hits you.
You hit the catoblepas but do no damage.
The catoblepas is heavily wounded.
You hit the catoblepas but do no damage.
The catoblepas is heavily wounded.
The catoblepas gores you but does no damage.
You hit the catoblepas.
The catoblepas is severely wounded.
The catoblepas gores you.
You slice the catoblepas!!
The catoblepas is almost dead.
The catoblepas gores you.
You hit the catoblepas.
You kill the catoblepas!
Okawaru accepts your kill.
You start resting.
A lindwurm comes into view.
Found 12 gold pieces.
You can drink potions again.
The lindwurm breathes flames at you. The blast of flame hits you!
Enter note: The lindwurm breathes flames at you.
The blast of flame hits you!!
You feel threatened and lose the ability to drink potions!
You die...

####### #
#..#..##.#
##........
#..%.$#...
##...#....
#....#...
#@.......
.......k...#...
#..........#...
#.............(
...............
#........$P....
#P.............
#.PPP..........


You could see a lindwurm (catching breath).

Vanquished Creatures
  Gastronok (Lair:3)
  Harold (D:9)
  2 catoblepae
  2 boulder beetles (Lair:2)
  A two-headed ogre (D:9)
  Pikel (D:4)
  2 oklob plants (Lair:2)
  2 ugly things (D:8)
  A manticore (D:8)
  A cyclops (D:8)
  4 black mambas
  A torpor snail (Lair:2)
  9 elephants
  6 cane toads
  2 rime drakes
  5 komodo dragons
  A troll (shapeshifter) (D:8)
  4 polar bears
  10 blink frogs
  Prince Ribbit (D:6)
  2 dream sheep (Lair:2)
  A slime creature (D:8)
  A wraith (D:8)
  3 wyverns
  16 yaks
  2 redbacks (Lair:3)
  A vampire mosquito (D:8)
  A basilisk (Lair:1)
  2 steam dragons
  An acid dragon (D:9)
  6 water moccasins
  2 ice beasts (D:8)
  3 orc warriors
  A sky beast (D:7)
  8 wolves
  An ogre (D:4)
  2 centaurs
  2 lemures (D:4)
  7 kobold brigands
  9 bullfrogs
  A gnoll sergeant (D:4)
  A scorpion (D:6)
  11 wights
  9 killer bees
  4 electric eels
  5 howler monkeys
  6 jellies
  A wyvern simulacrum (D:8)
  2 gnoll boudas (D:8)
  4 hounds
  3 orc priests (D:7)
  2 iguanas
  A sleepcap (D:4)
  3 orc wizards
  5 hell rats
  3 centaur simulacra (D:8)
  18 gnolls
  12 adders
  2 river rats (Sewer)
  A shadow imp (D:6)
  5 white imps
  3 ufetubi
  6 worms
  6 dart slugs
  44 orcs
  10 ball pythons
  6 bats
  13 endoplasms
  4 giant cockroaches
  12 goblins
  10 hobgoblins
  3 jackals (D:5)
  24 kobolds
  A quokka (D:4)
  7 frilled lizards
  9 rats
385 creatures vanquished.

Notes
Turn   | Place    | Note
-------+----------+-------------------------------------------
     0 | D:1      | qw the Gargoyle Fighter began the quest for the Orb.
     0 | D:1      | Reached XP level 1. HP: 14/14 MP: 1/1
     0 | D:1      | 0 ||| qw: Version: 0.3-a-9-g12657ce
     0 | D:1      | 0 ||| qw: Game counter: 1414
     0 | D:1      | 0 ||| qw: Always use a shield: true
     0 | D:1      | 0 ||| qw: God list: Okawaru
     0 | D:1      | 0 ||| qw: Allow faded altars: false
     0 | D:1      | 0 ||| qw: Do Orc after D:15 true
     0 | D:1      | 0 ||| qw: Do second Lair branch before Depths: true
     0 | D:1      | 0 ||| qw: Lair rune preference: random
     0 | D:1      | 0 ||| qw: Plans: Normal, Zot:1-4, Slime:5, God:TSO, Crypt,
                  | Tomb, Abyss, Pan, Hells, Win
     0 | D:1      | 0 ||| PLANNING D:1-11
    89 | D:1      | Reached skill level 2 in Axes
   109 | D:1      | 109 ||| FLEEEEING.
   110 | D:1      | 110 ||| FLEEEEING.
   111 | D:1      | 111 ||| FLEEEEING.
   112 | D:1      | 112 ||| FLEEEEING.
   113 | D:1      | 113 ||| FLEEEEING.
   114 | D:1      | 114 ||| FLEEEEING.
   115 | D:1      | 115 ||| FLEEEEING.
   116 | D:1      | 116 ||| FLEEEEING.
   128 | D:1      | Reached XP level 2. HP: 19/19 MP: 2/2
   309 | D:1      | 309 ||| Stepping ~*~*~tactically~*~*~ (hiding).
   382 | D:1      | Reached skill level 3 in Axes
   408 | D:1      | Reached XP level 3. HP: 19/23 MP: 3/3
   792 | D:1      | Found a faded altar of an unknown god.
  1100 | D:1      | 1100 ||| UPGRADING to +0 pair of gloves.
  1105 | D:1      | 1105 ||| DROPPING +6 ring of intelligence.
  1299 | D:2      | 1299 ||| Stepping ~*~*~tactically~*~*~ (stealth).
  1444 | D:2      | 1444 ||| Stepping ~*~*~tactically~*~*~ (stealth).
  1732 | D:2      | 1732 ||| UPGRADING to +0 pair of boots.
  1737 | D:2      | 1737 ||| READING scroll labelled WESCHU TUONY.
  1738 | D:2      | 1738 ||| READING scroll labelled YGOOPLIOTUAX.
  1743 | D:2      | 1743 ||| READING scroll labelled XEGOGE ROOXAGI.
  1744 | D:2      | 1744 ||| READING scroll labelled XER GISKUM WUPT.
  1745 | D:2      | 1745 ||| READING scroll labelled PYEMNE COTURIG.
  1856 | D:3      | Reached XP level 4. HP: 26/28 MP: 4/4
  1942 | D:3      | 1942 ||| Stepping ~*~*~tactically~*~*~ (hiding).
  1944 | D:3      | 1944 ||| Stepping ~*~*~tactically~*~*~ (hiding).
  1945 | D:3      | 1945 ||| Stepping ~*~*~tactically~*~*~ (hiding).
  1946 | D:3      | 1946 ||| Stepping ~*~*~tactically~*~*~ (hiding).
  1951 | D:3      | Reached skill level 4 in Axes
  1959 | D:3      | 1959 ||| FLEEEEING.
  1960 | D:3      | 1960 ||| FLEEEEING.
  1961 | D:3      | 1961 ||| FLEEEEING.
  1962 | D:3      | 1962 ||| FLEEEEING.
  1963 | D:3      | 1963 ||| FLEEEEING.
  1964 | D:3      | 1964 ||| FLEEEEING.
  1965 | D:3      | 1965 ||| FLEEEEING.
  1982 | D:3      | 1982 ||| DROPPING +0 whip.
  2182 | D:3      | Reached XP level 5. HP: 28/32 MP: 5/5
  2407 | D:3      | 2407 ||| UPGRADING to amulet of guardian spirit.
  2412 | D:3      | 2412 ||| READING scroll labelled FUTSICW HO LAE.
  2413 | D:3      | 2413 ||| DRINKING 2 black potions.
  2428 | D:4      | 2428 ||| Stepping ~*~*~tactically~*~*~ (hiding).
  2437 | D:4      | 2437 ||| Stepping ~*~*~tactically~*~*~ (hiding).
  2450 | D:4      | 2450 ||| Stepping ~*~*~tactically~*~*~ (stealth).
  2453 | D:4      | 2453 ||| Stepping ~*~*~tactically~*~*~ (stealth).
  2454 | D:4      | 2454 ||| Stepping ~*~*~tactically~*~*~ (stealth).
  2456 | D:4      | 2456 ||| Stepping ~*~*~tactically~*~*~ (stealth).
  2461 | D:4      | 2461 ||| Stepping ~*~*~tactically~*~*~ (stealth).
  2465 | D:4      | Reached skill level 5 in Axes
  2497 | D:4      | Noticed a lemure
  2500 | D:4      | Noticed a lemure
  2509 | D:4      | Killed a lemure
  2521 | D:4      | Killed a lemure
  2558 | D:4      | 2558 ||| DROPPING +2 whip of flaming.
  2587 | D:4      | Noticed Pikel
  2593 | D:4      | Noticed a lemure
  2609 | D:4      | Killed Pikel
  2610 | D:4      | Reached XP level 6. HP: 25/44 MP: 4/6
  2610 | D:4      | Reached XP level 7. HP: 28/48 MP: 4/7
  2742 | D:4      | 2742 ||| Stepping ~*~*~tactically~*~*~ (hiding).
  2755 | D:4      | HP: 7/48 [gnoll/+0 halberd[a gnoll sergeant] (6)]
  2756 | D:4      | 2756 ||| READING 2 scrolls of teleportation.
  2758 | D:4      | Reached skill level 1 in Dodging
  2759 | D:4      | 2759 ||| READING scroll of teleportation.
  2761 | D:4      | Found a large runed translucent door.
  2761 | D:4      | Found a large runed translucent door.
  2761 | D:4      | Noticed a steam dragon
  2912 | D:4      | Found a large runed translucent door.
  2912 | D:4      | Found a large runed translucent door.
  2932 | D:4      | Found a staircase to the Ecumenical Temple.
  2933 | D:4      | 2933 ||| PLANNING TEMPLE
  2939 | Temple   | Entered the Ecumenical Temple
  3162 | Temple   | 3162 ||| PLANNING D:1-11
  3288 | D:4      | Found a glowing golden altar of the Shining One.
  3410 | D:4      | 3410 ||| DROPPING +0 mace.
  3689 | D:4      | Reached XP level 8. HP: 51/53 MP: 8/8
  3698 | D:4      | 3698 ||| Stepping ~*~*~tactically~*~*~ (stealth).
  3706 | D:4      | Reached skill level 6 in Axes
  3706 | D:4      | 3706 ||| FLEEEEING.
  3707 | D:4      | 3707 ||| FLEEEEING.
  3708 | D:4      | 3708 ||| FLEEEEING.
  3709 | D:4      | 3709 ||| FLEEEEING.
  3712 | D:4      | 3712 ||| FLEEEEING.
  3713 | D:4      | 3713 ||| FLEEEEING.
  3714 | D:4      | 3714 ||| FLEEEEING.
  3715 | D:4      | 3715 ||| FLEEEEING.
  3716 | D:4      | 3716 ||| FLEEEEING.
  3717 | D:4      | 3717 ||| FLEEEEING.
  3718 | D:4      | 3718 ||| FLEEEEING.
  3719 | D:4      | 3719 ||| FLEEEEING.
  3720 | D:4      | 3720 ||| FLEEEEING.
  3721 | D:4      | 3721 ||| FLEEEEING.
  3722 | D:4      | 3722 ||| FLEEEEING.
  3723 | D:4      | 3723 ||| FLEEEEING.
  3724 | D:4      | 3724 ||| FLEEEEING.
  3725 | D:4      | 3725 ||| FLEEEEING.
  3726 | D:4      | 3726 ||| FLEEEEING.
  3727 | D:4      | 3727 ||| FLEEEEING.
  3937 | D:4      | 3937 ||| Stepping ~*~*~tactically~*~*~ (hiding).
  4041 | D:4      | 4041 ||| DRINKING 2 sapphire potions.
  4088 | D:5      | Entered Level 5 of the Dungeon
  4100 | D:5      | 4100 ||| READING scroll of enchant weapon.
  4100 | D:5      | 4100 ||| ENCHANTING +1 war axe.
  4166 | D:5      | 4166 ||| Stepping ~*~*~tactically~*~*~ (stealth).
  4218 | D:5      | Reached skill level 7 in Axes
  4293 | D:5      | Found a snail-covered altar of Cheibriados.
  4420 | D:5      | Found a radiant altar of Vehumet.
  4855 | D:5      | Found a hazy altar of Hepliaklqana.
  4855 | D:5      | Found a shimmering blue altar of Sif Muna.
  4866 | D:5      | 4866 ||| READING scroll labelled PETOWOY MUTEE.
  4867 | D:5      | 4867 ||| READING scroll labelled SOKHLU EPHU.
  4868 | D:5      | 4868 ||| READING scroll labelled OFFOCO GURIFA.
  4868 | D:5      | Identified a scroll of acquirement
  4868 | D:5      | 4868 ||| ACQUIRING amulet "Qued" {Reflect Int+3 SH+5}
  4868 | D:5      | Acquired the amulet "Qued" {Reflect Int+3 SH+5}
  4870 | D:5      | 4870 ||| UPGRADING to amulet "Qued" {Reflect Int+3 SH+5}.
  4880 | D:5      | 4880 ||| DROPPING amulet of guardian spirit.
  4881 | D:5      | 4881 ||| DRINKING 2 fuming puce potions.
  4882 | D:5      | 4882 ||| DRINKING 2 brown potions.
  4883 | D:5      | 4883 ||| DRINKING 2 potions of curing.
  4883 | D:5      | 4883 ||| (to cure confusion)
  4884 | D:5      | 4884 ||| READING 2 scrolls of identify.
  4884 | D:5      | 4884 ||| IDENTIFYING puce potion
  4885 | D:5      | 4885 ||| DROPPING potion of ambrosia.
  4921 | D:6      | 4921 ||| PLANNING SEWER
  4993 | D:6      | 4993 ||| Stepping ~*~*~tactically~*~*~ (hiding).
  5135 | D:6      | Noticed Prince Ribbit
  5165 | D:6      | HP: 7/53 [Prince Ribbit (14)]
  5166 | D:6      | 5166 ||| DRINKING potion of heal wounds.
  5171 | D:6      | Killed Prince Ribbit
  5172 | D:6      | Reached skill level 8 in Axes
  5271 | D:6      | Found a stormy altar of Qazlal.
  5327 | D:6      | Reached XP level 9. HP: 57/57 MP: 9/9
  5372 | D:6      | 5372 ||| Stepping ~*~*~tactically~*~*~ (stealth).
  5375 | D:6      | 5375 ||| Stepping ~*~*~tactically~*~*~ (stealth).
  5376 | D:6      | 5376 ||| Stepping ~*~*~tactically~*~*~ (stealth).
  5506 | D:6      | Found a glowing drain.
  5510 | D:6      | 5510 ||| DROPPING amulet of regeneration.
  5528 | Sewer    | Entered a sewer
  5755 | Sewer    | Reached skill level 9 in Axes
  6147 | Sewer    | 6147 ||| Stepping ~*~*~tactically~*~*~ (hiding).
  6180 | Sewer    | 6180 ||| DRINKING 2 orange potions.
  6181 | Sewer    | 6181 ||| DROPPING potion of brilliance.
  6204 | D:6      | 6204 ||| PLANNING D:1-11
  6291 | D:6      | 6291 ||| Stepping ~*~*~tactically~*~*~ (hiding).
  6519 | D:6      | 6519 ||| Stepping ~*~*~tactically~*~*~ (stealth).
  6521 | D:6      | 6521 ||| Stepping ~*~*~tactically~*~*~ (stealth).
  6528 | D:6      | 6528 ||| Stepping ~*~*~tactically~*~*~ (stealth).
  6651 | D:6      | 6651 ||| DROPPING +3 leather armour.
  6652 | D:6      | 6652 ||| DRINKING 2 smoky amethyst potions.
  6652 | D:6      | Gained mutation: You expend magic power (3 MP) to
                  | strengthen your wands. [potion of mutation]
  6652 | D:6      | Gained mutation: You are partially covered in large bone
                  | plates. (SH +4) [potion of mutation]
  6652 | D:6      | Gained mutation: You occasionally lose the ability to drink
                  | potions when taking damage. [potion of mutation]
  6653 | D:6      | 6653 ||| DRINKING potion of mutation.
  6653 | D:6      | Lost mutation: You expend magic power (3 MP) to strengthen
                  | your wands. [potion of mutation]
  6653 | D:6      | Lost mutation: You are partially covered in large bone
                  | plates. (SH +4) [potion of mutation]
  6653 | D:6      | Gained mutation: You are robust. (+10% HP) [potion of
                  | mutation]
  6653 | D:6      | Gained mutation: You have hidden genetic defects. [potion
                  | of mutation]
  6839 | D:7      | 6839 ||| Stepping ~*~*~tactically~*~*~ (hiding).
  6860 | D:7      | 6860 ||| Stepping ~*~*~tactically~*~*~ (hiding).
  6875 | D:7      | Reached skill level 10 in Axes
  6894 | D:7      | 6894 ||| DRINKING potion of curing.
  6894 | D:7      | 6894 ||| (to cure confusion)
  6948 | D:7      | Found a bloodstained altar of Trog.
  7033 | D:7      | 7033 ||| Stepping ~*~*~tactically~*~*~ (stealth).
  7037 | D:7      | 7037 ||| Stepping ~*~*~tactically~*~*~ (stealth).
  7042 | D:7      | 7042 ||| Stepping ~*~*~tactically~*~*~ (stealth).
  7079 | D:7      | Gained mutation: Your spells are a little easier to cast,
                  | but a little less powerful. [hidden defects]
  7106 | D:7      | 7106 ||| Stepping ~*~*~tactically~*~*~ (stealth).
  7236 | D:7      | Found a runed translucent door.
  7256 | D:7      | Found Olaony's General Store.
  7262 | D:7      | 7262 ||| BUYING 3 scrolls of identify (66 gold).
  7262 | D:7      | Bought 3 scrolls of identify for 66 gold pieces
  7262 | D:7      | 7262 ||| BUYING scroll of identify (22 gold).
  7262 | D:7      | Bought a scroll of identify for 22 gold pieces
  7285 | D:7      | Found an iron altar of Okawaru.
  7286 | D:7      | 7286 ||| PLANNING OKAWARU WORSHIP
  7286 | D:7      | 7286 ||| UPGRADING to +0 plate armour.
  7296 | D:7      | 7296 ||| DROPPING +0 scale mail.
  7297 | D:7      | 7297 ||| READING scroll labelled BANUXZYTHREN.
  7298 | D:7      | 7298 ||| READING scroll labelled KAROOFU ATANE.
  7299 | D:7      | 7299 ||| READING 5 scrolls of identify.
  7299 | D:7      | 7299 ||| IDENTIFYING viscous black potion
  7314 | D:7      | Reached XP level 10. HP: 55/70 MP: 10/10
  7360 | D:7      | 7360 ||| READING 4 scrolls of identify.
  7360 | D:7      | 7360 ||| IDENTIFYING metallic green potion
  7368 | D:7      | Became a worshipper of Warmaster Okawaru
  7369 | D:7      | 7369 ||| PLANNING D:1-11
  7439 | D:7      | Noticed qw's ghost (novice MiHu)
  7865 | D:7      | 7865 ||| Stepping randomly (stuck).
  7915 | D:8      | Gained mutation: Armour fits poorly on your strangely
                  | shaped body. [hidden defects]
  7915 | D:8      | Lost mutation: You have hidden genetic defects. [hidden
                  | defects expressed]
  7917 | D:8      | 7917 ||| Stepping ~*~*~tactically~*~*~ (stealth).
  7920 | D:8      | 7920 ||| Stepping ~*~*~tactically~*~*~ (stealth).
  7973 | D:8      | 7973 ||| FLEEEEING.
  8033 | D:8      | Reached skill level 6 in Armour
  8058 | D:8      | 8058 ||| Stepping ~*~*~tactically~*~*~ (cloud).
  8059 | D:8      | 8059 ||| Stepping ~*~*~tactically~*~*~ (cloud).
  8076 | D:8      | 8076 ||| Stepping ~*~*~tactically~*~*~ (cloud).
  8156 | D:8      | 8156 ||| Stepping ~*~*~tactically~*~*~ (hiding).
  8421 | D:8      | Identified the +10 dagger of Qaysarod {freeze, rN+ Stlth+}
  8487 | D:8      | 8487 ||| Stepping ~*~*~tactically~*~*~ (stealth).
  8494 | D:8      | Reached * piety under Okawaru
  8747 | D:8      | Reached skill level 1 in Invocations
  8757 | D:8      | 8757 ||| INVOKING Heroism.
  8761 | D:8      | Noticed a cyan ugly thing
  8772 | D:8      | 8772 ||| INVOKING Heroism.
  8777 | D:8      | Killed a cyan ugly thing
  8782 | D:8      | Reached skill level 3 in Invocations
  8837 | D:8      | Found a runed translucent door.
  8838 | D:8      | Noticed a centaur warrior
  8838 | D:8      | Found a runed translucent door.
  8838 | D:8      | Noticed a cyan ugly thing
  8839 | D:8      | Found a runed translucent door.
  8849 | D:8      | Noticed a cyclops
  8850 | D:8      | 8850 ||| Stepping ~*~*~tactically~*~*~ (hiding).
  8861 | D:8      | 8861 ||| INVOKING Heroism.
  8865 | D:8      | Killed a cyclops
  8873 | D:8      | Reached ** piety under Okawaru
  8874 | D:8      | Reached skill level 11 in Axes
  8899 | D:8      | Noticed a green ugly thing
  8918 | D:8      | Killed a green ugly thing
  8923 | D:8      | Noticed a manticore
  8924 | D:8      | 8924 ||| INVOKING Heroism.
  8927 | D:8      | Reached XP level 11. HP: 46/75 MP: 11/14
  8933 | D:8      | HP: 12/75 [manticore (9)]
  8935 | D:8      | Killed a manticore
  8936 | D:8      | Reached skill level 9 in Fighting
  8987 | D:8      | 8987 ||| FLEEEEING.
  8988 | D:8      | 8988 ||| FLEEEEING.
  8993 | D:8      | 8993 ||| FLEEEEING.
  8994 | D:8      | 8994 ||| FLEEEEING.
  8995 | D:8      | 8995 ||| FLEEEEING.
  8996 | D:8      | 8996 ||| FLEEEEING.
  8997 | D:8      | 8997 ||| FLEEEEING.
  9057 | D:8      | 9057 ||| Stepping ~*~*~tactically~*~*~ (stealth).
  9170 | D:8      | Noticed a catoblepas
  9171 | D:8      | 9171 ||| Stepping ~*~*~tactically~*~*~ (stealth).
  9173 | D:8      | 9173 ||| Stepping ~*~*~tactically~*~*~ (hiding).
  9179 | D:8      | 9179 ||| INVOKING Heroism.
  9190 | D:8      | Killed a catoblepas
  9286 | D:8      | Found the +7 Spriggan's Knife {stab, EV+4 Stlth+}
  9288 | D:8      | Identified the amulet "Wuosk" {Spirit rElec}
  9292 | D:8      | 9292 ||| DROPPING +0 flail.
  9293 | D:8      | Identified the +5 pair of boots "Fanab" {rPois}
  9406 | D:8      | 9406 ||| Stepping ~*~*~tactically~*~*~ (hiding).
  9407 | D:8      | 9407 ||| Stepping ~*~*~tactically~*~*~ (hiding).
  9570 | D:8      | 9570 ||| UPGRADING to +5 pair of boots "Fanab" {rPois}.
  9580 | D:8      | 9580 ||| DROPPING +0 pair of boots.
  9581 | D:8      | 9581 ||| UPGRADING to +0 cloak.
  9586 | D:8      | 9586 ||| DROPPING amulet "Wuosk" {Spirit rElec}.
  9587 | D:8      | 9587 ||| READING scroll labelled QEZOME PIPE.
  9588 | D:8      | 9588 ||| READING 4 scrolls of identify.
  9588 | D:8      | 9588 ||| IDENTIFYING coppery potion
  9589 | D:8      | 9589 ||| DROPPING potion of degeneration.
  9622 | D:8      | 9622 ||| Stepping ~*~*~tactically~*~*~ (hiding).
  9786 | D:9      | Noticed a two-headed ogre
  9787 | D:9      | 9787 ||| INVOKING Heroism.
  9795 | D:9      | Killed a two-headed ogre
  9810 | D:9      | 9810 ||| READING scroll of enchant armour.
  9810 | D:9      | 9810 ||| ENCHANTING +0 pair of gloves.
  9821 | D:9      | Found a staircase to the Lair.
  9844 | D:9      | Noticed Harold
  9845 | D:9      | 9845 ||| INVOKING Heroism.
  9846 | D:9      | 9846 ||| Stepping ~*~*~tactically~*~*~ (hiding).
  9847 | D:9      | 9847 ||| Stepping ~*~*~tactically~*~*~ (hiding).
  9857 | D:9      | Killed Harold
  9908 | D:9      | Reached *** piety under Okawaru
  9912 | D:9      | Reached skill level 12 in Axes
 10071 | D:9      | Found a shimmering altar of Xom.
 10099 | D:9      | 10099 ||| INVOKING Heroism.
 10134 | D:9      | Found a staircase to the Orcish Mines.
 10219 | D:9      | 10219 ||| Stepping ~*~*~tactically~*~*~ (hiding).
 10222 | D:9      | 10222 ||| INVOKING Heroism.
 10481 | D:9      | Reached skill level 1 in Throwing
 10634 | D:9      | 10634 ||| INVOKING Heroism.
 10769 | D:9      | 10769 ||| Stepping ~*~*~tactically~*~*~ (hiding).
 10782 | D:9      | 10782 ||| INVOKING Heroism.
 10784 | D:9      | Reached skill level 9 in Armour
 10948 | D:9      | 10948 ||| PLANNING LAIR
 10948 | D:9      | 10948 ||| READING 5 scrolls of identify.
 10948 | D:9      | 10948 ||| IDENTIFYING fizzy red potion
 10998 | Lair:1   | Entered Level 1 of the Lair of Beasts
 11049 | Lair:1   | 11049 ||| INVOKING Heroism.
 11084 | Lair:1   | 11084 ||| INVOKING Heroism.
 11104 | Lair:1   | Reached skill level 6 in Shields
 11185 | Lair:1   | 11185 ||| INVOKING Heroism.
 11223 | Lair:1   | 11223 ||| INVOKING Heroism.
 11287 | Lair:1   | 11287 ||| INVOKING Heroism.
 11343 | Lair:1   | 11343 ||| Stepping ~*~*~tactically~*~*~ (stealth).
 11345 | Lair:1   | 11345 ||| INVOKING Heroism.
 11377 | Lair:1   | Reached XP level 12. HP: 64/84 MP: 15/15
 11379 | Lair:1   | 11379 ||| INVOKING Heroism.
 11394 | Lair:1   | 11394 ||| Stepping ~*~*~tactically~*~*~ (stealth).
 11395 | Lair:1   | 11395 ||| Stepping ~*~*~tactically~*~*~ (stealth).
 11396 | Lair:1   | 11396 ||| Stepping ~*~*~tactically~*~*~ (stealth).
 11397 | Lair:1   | 11397 ||| Stepping ~*~*~tactically~*~*~ (stealth).
 11398 | Lair:1   | 11398 ||| Stepping ~*~*~tactically~*~*~ (stealth).
 11401 | Lair:1   | 11401 ||| INVOKING Heroism.
 11570 | Lair:1   | 11570 ||| INVOKING Heroism.
 12072 | Lair:1   | 12072 ||| Stepping ~*~*~tactically~*~*~ (stealth).
 12088 | Lair:1   | Reached skill level 13 in Axes
 12190 | Lair:1   | 12190 ||| UPGRADING to +0 helmet.
 12195 | Lair:1   | 12195 ||| READING scroll labelled LEKHUI EKYTISO.
 12247 | Lair:1   | 12247 ||| DRINKING 2 pink potions.
 12292 | Lair:2   | 12292 ||| STAIRDANCE
 12338 | Lair:2   | 12338 ||| INVOKING Heroism.
 12396 | Lair:2   | 12396 ||| INVOKING Heroism.
 12420 | Lair:2   | 12420 ||| FLEEEEING.
 12421 | Lair:2   | 12421 ||| FLEEEEING.
 12468 | Lair:2   | Reached **** piety under Okawaru
 12541 | Lair:2   | 12541 ||| INVOKING Heroism.
 12854 | Lair:2   | 12854 ||| INVOKING Heroism.
 12870 | Lair:2   | 12870 ||| INVOKING Heroism.
 12979 | Lair:2   | 12979 ||| INVOKING Heroism.
 13055 | Lair:2   | Noticed a boulder beetle
 13056 | Lair:2   | 13056 ||| INVOKING Heroism.
 13075 | Lair:2   | Killed a boulder beetle
 13076 | Lair:2   | Reached skill level 14 in Axes
 13369 | Lair:2   | 13369 ||| INVOKING Heroism.
 13398 | Lair:2   | Reached skill level 6 in Invocations
 13411 | Lair:2   | Reached XP level 13. HP: 83/90 MP: 17/17
 13413 | Lair:2   | 13413 ||| INVOKING Heroism.
 13417 | Lair:2   | Received a gift from Okawaru
 13446 | Lair:2   | 13446 ||| INVOKING Heroism.
 13471 | Lair:2   | 13471 ||| Stepping ~*~*~tactically~*~*~ (stealth).
 13484 | Lair:2   | 13484 ||| Stepping ~*~*~tactically~*~*~ (stealth).
 13599 | Lair:2   | 13599 ||| Stepping ~*~*~tactically~*~*~ (stealth).
 13618 | Lair:2   | 13618 ||| Stepping ~*~*~tactically~*~*~ (stealth).
 13622 | Lair:2   | 13622 ||| Stepping ~*~*~tactically~*~*~ (stealth).
 13634 | Lair:2   | 13634 ||| INVOKING Heroism.
 13734 | Lair:2   | 13734 ||| INVOKING Heroism.
 13746 | Lair:2   | Received a gift from Okawaru
 13751 | Lair:2   | 13751 ||| INVOKING Heroism.
 14040 | Lair:3   | 14040 ||| STAIRDANCE
 14045 | Lair:2   | 14045 ||| INVOKING Heroism.
 14048 | Lair:2   | Received a gift from Okawaru
 14196 | Lair:3   | Found a hole to the Spider Nest.
 14201 | Lair:3   | Noticed Gastronok
 14202 | Lair:3   | 14202 ||| INVOKING Heroism.
 14211 | Lair:3   | 14211 ||| SWAPPING to +0 heavy flail.
 14217 | Lair:3   | Killed Gastronok
 14218 | Lair:3   | Reached skill level 3 in Throwing
 14220 | Lair:3   | HP: 20/92 [five-headed hydra (12)]
 14221 | Lair:3   | 14221 ||| READING scroll of teleportation.
 14224 | Lair:3   | 14224 ||| SWAPPING to +2 war axe.
 14232 | Lair:3   | 14232 ||| DRINKING potion of heal wounds.
 14236 | Lair:3   | 14236 ||| INVOKING Heroism.
 14261 | Lair:3   | HP: 19/92 [catoblepas (17)]
 14266 | Lair:3   | HP: 13/92 [catoblepas (2)]
 14274 | Lair:3   | HP: 7/92 [lindwurm/blast of flame (9)]
 14276 | Lair:3   | Killed from afar by a lindwurm

Levels and vault maps discovered:
D:1:      dpeg_arrival_rhombi, layout_basic, chequers_ecumenical_altar_island
D:2:      layout_basic, serial_aquarium, aquarium_bridge_square
          [aquarium_subvault_wall, aquarium_subvault_bridge,
          aquarium_subvault_window, aquarium_subvault_bridge],
          aquarium_window_3, aquarium_window_1, aquarium_window_2,
          aquarium_window_fake, aquarium_view_2c, st_stairs_6
D:3:      layout_basic, corexii_hall_statues_i
D:4:      layout_basic, mainiacjoe_overflow_alcove_1,
          minmay_temple_entry_offerings, minmay_hollow_rounded_squares,
          uniq_pikel
D:5:      layout_loops_ring, mainiacjoe_overflow_tiny_flanked,
          vehumet_altar_wand_db, amethyst_overflow_temple_binary
D:6:      corexii_shack_village, layout_basic, nicolae_qazlal_general_emergency,
          cheibrodos_sewer_entry_bend, kennysheep_minor_cross,
          uniq_prince_ribbit1
D:7:      layout_rooms, mainiacjoe_overflow_surrounded_room, okawaru_trees_2,
          ebering_ghost_reflecting_pool, serial_shops, shop, patterned_corridor
D:8:      minmay_the_grid_triangle_9x9_rhombus_thin
          [minmay_the_grid_triangle_9x9_fully_insulated_deathbox,
          minmay_the_grid_triangle_9x9_prize_schism,
          minmay_the_grid_triangle_9x9_skeleton,
          minmay_the_grid_triangle_9x9_impossible_snake], layout_loops_ring,
          serial_ice, serial_ice_m, serial_ice_l, serial_ice_b, serial_ice_h,
          serial_ice_o
D:9:      layout_irregular_city, mainiacjoe_overflow_small_starburst,
          lair_entry_dummy, hiddenorc1_lemuel, grunt_ministairs_14, uniq_harold
Temple:   compressed_dpeg_triangle_lava_temple
Lair:1:   layout_cave_pods, serial_bayou_shore_a, grunt_megastairs_4
Lair:2:   layout_big_grid, minmay_lair_oklob_bushes, nzn_random_ring
Lair:3:   layout_gridlike, minmay_swamp_entry_wisps, spider_nest_entry_webs,
          nicolae_volcano_entry_hallway, chequers_serial_rivers_micro_c, pond,
          infiniplex_staircase_pool_2, uniq_gastronok

Skill      XL: |  1  2  3  4  5  6  7  8  9 10 11 12 13 |
---------------+----------------------------------------+-----
Axes           | 2 3 4 5 8 10 11 12 14 | 14.1
Fighting       | 7 8 10 11 | 11.0
Dodging        | 1 2 |  2.2
Shields        | 4 5 6 7 |  7.0
Armour         | 4 7 9 10 | 10.7
Invocations    | 4 6 7 |  7.3
Throwing       | 1 3 |  3.2

Action                     |  1- 3 |  4- 6 |  7- 9 | 10-12 | 13-15 || total
---------------------------+-------+-------+-------+-------+-------++-------
  Melee: War axe           |   138 |   109 |   437 |   679 |   135 ||  1498
         Flail             |       |       |       |       |    11 ||    11
  Throw: Boomerang         |       |       |       |     3 |    13 ||    16
         Javelin           |       |       |       |       |     8 ||     8
 Invoke: Heroism           |       |       |       |    28 |     8 ||    36
    Use: Scroll            |     5 |     1 |    10 |     6 |     1 ||    23
         Potion            |       |     1 |     9 |     1 |     1 ||    12
 Armour: Scale mail        |    60 |    55 |   154 |       |       ||   269
         Plate armour      |       |       |     4 |   319 |    81 ||   404
  Dodge: Dodged            |    50 |    48 |   132 |   171 |    41 ||   442
  Block: Buckler           |    18 |    20 |   123 |   277 |    60 ||   498
         Reflection        |       |       |     2 |     2 |       ||     4

Table legend:
 A = Non-vault XP
 B = Vault XP
 C = Vault XP percentage of total XP
 D = Non-vault monster count
 E = Vault monster count
 F = Vault count percentage of total count
                 A         B        C        D         E       F
            +---------+---------+-------+---------+---------+-------
      Total |   22783 |   18540 |  44.9 |     242 |     141 |  36.8
            +---------+---------+-------+---------+---------+-------
        D:1 |      47 |       0 |   0.0 |      25 |       0 |   0.0
        D:2 |      22 |       1 |   4.3 |      14 |       1 |   6.7
        D:3 |     102 |       0 |   0.0 |      21 |       0 |   0.0
        D:4 |     341 |    1052 |  75.5 |      28 |      12 |  30.0
        D:5 |     232 |       2 |   0.9 |      17 |       1 |   5.6
        D:6 |     621 |     320 |  34.0 |      13 |      17 |  56.7
        D:7 |    1331 |       0 |   0.0 |      31 |       0 |   0.0
        D:8 |     568 |    5634 |  90.8 |      11 |      30 |  73.2
        D:9 |    2880 |    1378 |  32.4 |      26 |      22 |  45.8
     Lair:1 |    6436 |    1478 |  18.7 |      22 |       9 |  29.0
     Lair:2 |    7663 |    6254 |  44.9 |      29 |      18 |  38.3
     Lair:3 |    2540 |    1803 |  41.5 |       5 |       3 |  37.5
      Sewer |       0 |     618 | 100.0 |       0 |      28 | 100.0
            +---------+---------+-------+---------+---------+-------
